 Dungeon Sprint DCSS version 0.21.1-1-g345015f (webtiles) character file.

4128 wilfster70 the Covert (level 10, 67/82 HPs)
             Began as a Gnoll Enchanter on June 18, 2018.
             Was an Elder of Wu Jian.
             Quit the game in the Dungeon (Sprint I: "Red Sonja").
             The game lasted 00:05:55 (1119 turns).

wilfster70 the Covert (Gnoll Enchanter)             Turns: 1119, Time: 00:05:56

Health: 67/82      AC:  4    Str: 12    XL:     10   Next: 27%
Magic:  15/23      EV: 19    Int: 19    God:    Wu Jian [****..]
Gold:   201        SH:  0    Dex: 16    Spells: 19/28 levels left

rFire    . . .     SeeInvis .   a - +2 dagger (drain)
rCold    . . .     Gourm    +   (no shield)
rNeg     . . .     Faith    .   p - +0 robe
rPois    .         Spirit   .   (no helmet)
rElec    .         Reflect  .   (no cloak)
rCorr    .         Harm     .   m - +0 pair of gloves (curse)
MR       .....     NoTele   +   (no boots)
Stlth    +++++.....             n - amulet of the gourmand
HPRegen  0.23/turn              (no ring)
MPRegen  0.18/turn              (no ring)

@: no status effects
A: distributed training, fangs 1, strong nose
a: Wall Jump, Serpent's Lash, Renounce Religion


You were in the Dungeon.
You worshipped Wu Jian.
Wu Jian was greatly pleased with you.
You were hungry.

You visited 1 branch You collected 752 gold pieces.
You spent 551 gold pieces at shops.

Inventory:

Hand Weapons
 a - a +2 dagger of draining (weapon)
 b - a +3 war axe of electrocution
Missiles
 l - 19 stones (quivered)
Armour
 m - a cursed +0 pair of gloves (worn)
 p - a +0 robe (worn)
Jewellery
 n - an amulet of the gourmand (around neck)
Scrolls
 j - a scroll of blinking
Potions
 e - a potion of curing
 f - a potion of heal wounds
 g - a potion of haste
 h - 2 potions of magic
 i - a potion of berserk rage
Books
 c - a book of Maledictions

   Spells                             Type                      Level
   a - Corona                         Hexes                        1
   b - Ensorcelled Hibernation        Hexes/Ice                    2
   c - Confuse                        Hexes                        3
   d - Tukima's Dance                 Hexes                        3
   e - Dazzling Spray                 Conjuration/Hexes            3
 k - a book of Geomancy

   Spells                             Type                      Level
   a - Sandblast                      Earth                        1
   b - Passwall                       Transmutation/Earth          2
   c - Stone Arrow                    Conjuration/Earth            3
   d - Petrify                        Transmutation/Earth          4
   e - Lee's Rapid Deconstruction     Earth                        5
Comestibles
 d - 2 rations


   Skills:
 + Level 8.6 Fighting
 + Level 9.0 Short Blades
 + Level 8.6 Long Blades
 + Level 8.6 Axes
 + Level 8.6 Maces & Flails
 + Level 8.6 Polearms
 + Level 8.6 Staves
 + Level 8.6 Slings
 + Level 8.6 Bows
 + Level 8.6 Crossbows
 + Level 8.6 Throwing
 + Level 8.6 Armour
 + Level 9.7 Dodging
 + Level 10.4 Stealth
 + Level 8.6 Shields
 + Level 8.6 Unarmed Combat
 + Level 9.9 Spellcasting
 + Level 7.1 Conjurations
 + Level 9.1 Hexes
 + Level 7.1 Charms
 + Level 7.1 Summonings
 + Level 7.1 Necromancy
 + Level 7.1 Translocations
 + Level 7.1 Transmutations
 + Level 7.1 Fire Magic
 + Level 7.1 Ice Magic
 + Level 7.1 Air Magic
 + Level 7.1 Earth Magic
 + Level 7.1 Poison Magic
 + Level 9.4 Invocations
 + Level 8.6 Evocations


You had 19 spell levels left.
You knew the following spells:

 Your Spells              Type           Power        Failure   Level  Hunger
a - Corona                Hex            #####..      1%          1    None
b - Ensorcelled Hibernat  Hex/Ice        #####.       1%          2    None
c - Confuse               Hex            #####...     1%          3    None
d - Stone Arrow           Conj/Erth      #####.       1%          3    None


Dungeon Overview and Level Annotations

Branches:
Dungeon (1/1)

Altars:
Cheibriados
Dithmenos
Elyvilon
Fedhas
Gozag
Hepliaklqana
Kikubaaqudgha
Makhleb
Nemelex Xobeh
Okawaru
Qazlal
Ru
Sif Muna
Trog
Uskayaw
Vehumet
Wu Jian
Xom
Yredelemnul
Zin
The Shining One
Jiyva
Lugonu

Shops:
D (=?%!**(*}[%*[![=


Innate Abilities, Weirdness & Mutations

Your experience applies equally to all skills.
You have very sharp teeth.
Your uncanny sense of smell can sniff out nearby items.


Message History

There is an entrance to Miuret's Antique Weapon Shoppe here.
You are feeling hungry.
There is an entrance to Emygix's General Store here.
There is an entrance to Botwaeva's General Store here.
There is an entrance to Rat Homp's Distillery here.
There is an entrance to Botwaeva's General Store here.
There is an entrance to Emygix's General Store here.
There is an entrance to Miuret's Antique Weapon Shoppe here.
There is an entrance to Doleov's General Store here.
There is an entrance to Tisofa's Gadget Emporium here.
There is an entrance to Geguf's Antique Armour Shop here.
m - a pair of runed gloves Thank you for shopping at Geguf's Antique Armour Shop!
Wear which item? (? for menu, Esc to quit)
You are no longer corroded.
You start putting on your armour.
You continue putting on your pair of runed gloves. x4
You finish putting on your cursed +0 pair of gloves.
Oops, that feels deathly cold.
Are you sure you want to abandon this character and quit the game? (Confirm with "yes".)

∆∆∆∆∆#.JJ...§§#§#
∆∆
####.......#'.#∆∆∆
∆$nn......§§####∆
∆n$.....J.≈§# ∆∆∆
.......n≈≈## ∆∆
#..≈≈nJ### ∆
###+######'###
∆∆∆∆∆
#∩∩########∩∩#
#∩∩∩∩∩∩@∩∩∩##
############ ∆


There were no monsters in sight!

Vanquished Creatures
  2 centaur warriors (D)
  Sonja (D)
  A deep troll (D)
  An oklob plant (D)
  A slime creature (D)
  A hornet (D)
  Sigmund (D)
  A yak (D)
  2 redbacks (D)
  A floating eye (D)
  An ogre (D)
  6 jellies (D)
  Ijyb (D)
20 creatures vanquished.

Notes
Turn   | Place    | Note
-------+----------+-------------------------------------------
     0 | D        | wilfster70 the Gnoll Enchanter began the quest for the Orb.
     0 | D        | Reached XP level 1. HP: 13/13 MP: 6/6
     1 | D        | Noticed Ijyb
     4 | D        | Killed Ijyb
     4 | D        | Reached skill level 1 in Fighting
     4 | D        | Reached skill level 1 in Long Blades
     4 | D        | Reached skill level 1 in Axes
     4 | D        | Reached skill level 1 in Maces & Flails
     4 | D        | Reached skill level 1 in Polearms
     4 | D        | Reached skill level 1 in Staves
     4 | D        | Reached skill level 1 in Slings
     4 | D        | Reached skill level 1 in Bows
     4 | D        | Reached skill level 1 in Crossbows
     4 | D        | Reached skill level 1 in Throwing
     4 | D        | Reached skill level 1 in Armour
     4 | D        | Reached skill level 6 in Stealth
     4 | D        | Reached skill level 1 in Shields
     4 | D        | Reached skill level 1 in Unarmed Combat
     4 | D        | Reached skill level 5 in Spellcasting
     4 | D        | Reached skill level 1 in Conjurations
     4 | D        | Reached skill level 1 in Charms
     4 | D        | Reached skill level 1 in Summonings
     4 | D        | Reached skill level 1 in Necromancy
     4 | D        | Reached skill level 1 in Translocations
     4 | D        | Reached skill level 1 in Transmutations
     4 | D        | Reached skill level 1 in Fire Magic
     4 | D        | Reached skill level 1 in Ice Magic
     4 | D        | Reached skill level 1 in Air Magic
     4 | D        | Reached skill level 1 in Earth Magic
     4 | D        | Reached skill level 1 in Poison Magic
     4 | D        | Reached skill level 1 in Invocations
     4 | D        | Reached skill level 1 in Evocations
     4 | D        | Reached XP level 2. HP: 22/22 MP: 8/8
     4 | D        | Reached XP level 3. HP: 27/27 MP: 9/9
     8 | D        | Learned a level 2 spell: Ensorcelled Hibernation
    12 | D        | Learned a level 3 spell: Confuse
    13 | D        | Noticed an ogre
    16 | D        | Killed an ogre
    16 | D        | Reached skill level 5 in Dodging
    16 | D        | Reached XP level 4. HP: 34/34 MP: 9/11
    25 | D        | Noticed Sigmund
    28 | D        | Killed Sigmund
    28 | D        | Reached skill level 5 in Short Blades
    28 | D        | Reached skill level 7 in Stealth
    28 | D        | Reached XP level 5. HP: 42/42 MP: 11/14
    28 | D        | Reached XP level 6. HP: 48/48 MP: 11/15
    65 | D        | Found a deep blue altar of Sif Muna.
    66 | D        | Found an ornate altar of the Wu Jian Council.
    67 | D        | Found a radiant altar of Vehumet.
    73 | D        | Became a worshipper of the Wu Jian Council
    89 | D        | Found Yfacot's Jewellery Emporium.
    89 | D        | Found an ancient bone altar of Kikubaaqudgha.
    89 | D        | Found a hazy altar of Hepliaklqana.
    89 | D        | Found a stormy altar of Qazlal.
    89 | D        | Found a hide-covered altar of Uskayaw.
    89 | D        | Found a blossoming altar of Fedhas.
    89 | D        | Found a bloodstained altar of Trog.
    89 | D        | Found an iron altar of Okawaru.
    89 | D        | Found a basalt altar of Yredelemnul.
    89 | D        | Found a glowing golden altar of the Shining One.
    89 | D        | Found a snail-covered altar of Cheibriados.
    89 | D        | Found a sacrificial altar of Ru.
    89 | D        | Found a glowing silver altar of Zin.
    89 | D        | Found a shadowy altar of Dithmenos.
    89 | D        | Found a white marble altar of Elyvilon.
    89 | D        | Noticed a yak
    93 | D        | Killed a yak
    93 | D        | Reached skill level 5 in Fighting
    93 | D        | Reached skill level 5 in Long Blades
    93 | D        | Reached skill level 5 in Axes
    93 | D        | Reached skill level 5 in Maces & Flails
    93 | D        | Reached skill level 5 in Polearms
    93 | D        | Reached skill level 5 in Staves
    93 | D        | Reached skill level 5 in Slings
    93 | D        | Reached skill level 5 in Bows
    93 | D        | Reached skill level 5 in Crossbows
    93 | D        | Reached skill level 5 in Throwing
    93 | D        | Reached skill level 5 in Armour
    93 | D        | Reached skill level 5 in Shields
    93 | D        | Reached skill level 5 in Unarmed Combat
    93 | D        | Reached skill level 5 in Invocations
    93 | D        | Reached skill level 5 in Evocations
    93 | D        | Reached XP level 7. HP: 27/56 MP: 9/17
    94 | D        | Found an opulent altar of Gozag.
   113 | D        | Found a sparkling altar of Nemelex Xobeh.
   256 | D        | Noticed Sonja
   259 | D        | Killed Sonja
   259 | D        | Reached skill level 8 in Stealth
   259 | D        | Reached skill level 5 in Conjurations
   259 | D        | Reached skill level 5 in Charms
   259 | D        | Reached skill level 5 in Summonings
   259 | D        | Reached skill level 5 in Necromancy
   259 | D        | Reached skill level 5 in Translocations
   259 | D        | Reached skill level 5 in Transmutations
   259 | D        | Reached skill level 5 in Fire Magic
   259 | D        | Reached skill level 5 in Ice Magic
   259 | D        | Reached skill level 5 in Air Magic
   259 | D        | Reached skill level 5 in Earth Magic
   259 | D        | Reached skill level 5 in Poison Magic
   259 | D        | Reached XP level 8. HP: 64/64 MP: 18/20
   275 | D        | Found Gaxuckis's Antique Weapon Boutique.
   295 | D        | Noticed a deep troll
   303 | D        | Killed a deep troll
   303 | D        | Reached * piety under Wu Jian
   303 | D        | Reached skill level 9 in Stealth
   372 | D        | Found Oxuytaqu's Armour Emporium.
   560 | D        | Learned a level 3 spell: Stone Arrow
   568 | D        | Found a burning altar of Makhleb.
   568 | D        | Found a viscous altar of Jiyva.
   568 | D        | Found a shimmering altar of Xom.
   568 | D        | Found a corrupted altar of Lugonu.
   568 | D        | Noticed a slime creature
   570 | D        | Killed a slime creature
   570 | D        | Reached XP level 9. HP: 72/72 MP: 21/21
   605 | D        | Bought a glowing dagger for 155 gold pieces
   605 | D        | Bought a runed war axe for 201 gold pieces
   629 | D        | Noticed a centaur warrior
   630 | D        | Noticed a centaur warrior
   633 | D        | Killed a centaur warrior
   635 | D        | Killed a centaur warrior
   635 | D        | Reached ** piety under Wu Jian
   635 | D        | Reached skill level 10 in Stealth
   799 | D        | Noticed a hornet
   802 | D        | Killed a hornet
   908 | D        | Noticed an oklob plant
   914 | D        | Killed an oklob plant
   914 | D        | Reached XP level 10. HP: 50/81 MP: 16/23
  1056 | D        | Reached *** piety under Wu Jian
  1081 | D        | Found Kuhysuar's Antique Armour Boutique.
  1081 | D        | Found Sigedeff's Jewellery Emporium.
  1081 | D        | Found Azanatom's Distillery.
  1083 | D        | Found Wabad's Assorted Antiques.
  1083 | D        | Found Myuroif's Food Shoppe.
  1083 | D        | Found Geguf's Antique Armour Shop.
  1083 | D        | Found Tisofa's Gadget Emporium.
  1083 | D        | Found Doleov's General Store.
  1083 | D        | Found Miuret's Antique Weapon Shoppe.
  1083 | D        | Found Emygix's General Store.
  1086 | D        | Found Botwaeva's General Store.
  1087 | D        | Found Rat Homp's Distillery.
  1087 | D        | Found Yloedief's Food Shoppe.
  1088 | D        | Found Rutuajalo's Magic Scroll Shop.
  1098 | D        | Reached **** piety under Wu Jian
  1114 | D        | Bought a pair of runed gloves for 195 gold pieces
  1119 | D        | Quit the game

Skill      XL: |  1  2  3  4  5  6  7  8  9 10 |
---------------+-------------------------------+-----
Fighting       | 1 2 4 5 6 7 8 |  8.6
Short Blades   | 3 4 5 6 7 8 9 |  9.0
Long Blades    | 1 2 4 5 6 7 8 |  8.6
Axes           | 1 2 4 5 6 7 8 |  8.6
Maces & Flails | 1 2 4 5 6 7 8 |  8.6
Polearms       | 1 2 4 5 6 7 8 |  8.6
Staves         | 1 2 4 5 6 7 8 |  8.6
Slings         | 1 2 4 5 6 7 8 |  8.6
Bows           | 1 2 4 5 6 7 8 |  8.6
Crossbows      | 1 2 4 5 6 7 8 |  8.6
Throwing       | 1 2 4 5 6 7 8 |  8.6
Armour         | 1 2 4 5 6 7 8 |  8.6
Stealth        | 6 7 8 9 10 | 10.4
Shields        | 1 2 4 5 6 7 8 |  8.6
Unarmed Combat | 1 2 4 5 6 7 8 |  8.6
Spellcasting   | 5 6 7 8 9 |  9.9
Conjurations   | 1 2 3 4 5 6 7 |  7.1
Charms         | 1 2 3 4 5 6 7 |  7.1
Summonings     | 1 2 3 4 5 6 7 |  7.1
Necromancy     | 1 2 3 4 5 6 7 |  7.1
Translocations | 1 2 3 4 5 6 7 |  7.1
Transmutations | 1 2 3 4 5 6 7 |  7.1
Fire Magic     | 1 2 3 4 5 6 7 |  7.1
Ice Magic      | 1 2 3 4 5 6 7 |  7.1
Air Magic      | 1 2 3 4 5 6 7 |  7.1
Earth Magic    | 1 2 3 4 5 6 7 |  7.1
Poison Magic   | 1 2 3 4 5 6 7 |  7.1
Invocations    | 1 3 4 5 6 7 9 |  9.4
Evocations     | 1 2 4 5 6 7 8 |  8.6
Dodging        | 5 6 7 8 9 |  9.7
Hexes          | 6 7 8 9 |  9.1

Action                   |  1- 3 |  4- 6 |  7- 9 | 10-12 || total
-------------------------+-------+-------+-------+-------++-------
Melee: Dagger            |     2 |     3 |    15 |    13 ||    33
       Punch             |       |       |     1 |       ||     1
       Bite              |       |       |       |     1 ||     1
 Cast: Ensorcelled Hiber |       |     3 |     7 |     7 ||    17
       Confuse           |       |       |     3 |       ||     3
Invok: Lunge             |       |       |     4 |     4 ||     8
       Whirlwind         |       |       |     1 |     2 ||     3
       Wall Jump         |       |       |       |     1 ||     1
  Use: Scroll            |       |       |     1 |       ||     1
 Stab: Sleeping          |     2 |     3 |     6 |     8 ||    19
       Confused          |       |       |     3 |       ||     3
Dodge: Dodged            |       |       |     4 |     9 ||    13
